 Dungeon Crawl Stone Soup version 0.19.5 (webtiles) character file.

177 Hybris the Poker (level 5, -12/61 HPs)
             Began as a Demonspawn Berserker on Mar 25, 2017.
             Was a Believer of Trog.
             Mangled by Blork the orc
             ... wielding a +0 glaive
              (14 damage)
             ... on level 4 of the Dungeon.
             The game lasted 00:07:17 (3822 turns).

Hybris the Poker (Demonspawn Berserker)             Turns: 3822, Time: 00:07:17

Health: -12/61     AC:  5    Str: 23    XL:     5   Next: 31%
Magic:  5/5        EV: 12    Int:  8    God:    Trog [**....]
Gold:   169        SH:  0    Dex: 13    Spells: 0 memorised, 4 levels left

rFire  . . .     SeeInvis .     a - +0 spear
rCold  . . .     Gourm    .     b - +0 animal skin
rNeg   . . .     Faith    .     (no shield)
rPois  .         Spirit   .     (no helmet)
rElec  .         Reflect  .     (no cloak)
rCorr  .         Harm     .     g - +0 pair of gloves
MR     .....                    (no boots)
Stlth  ..........               t - amulet of magic regeneration
                                (no ring)
                                w - ring of flight

@: berserking (expiring), very quick
A: hooves 1, thin metallic scales 1
a: Berserk, Trog's Hand, Burn Spellbooks, Renounce Religion, Evoke Flight


You were on level 4 of the Dungeon.
You worshipped Trog.
Trog was pleased with you.
You were very hungry.

You visited 1 branch of the dungeon, and saw 4 of its levels.

You collected 169 gold pieces.

Inventory:

Hand Weapons
 a - a +0 spear (weapon)
Armour
 b - a +0 animal skin (worn)
 g - a +0 pair of gloves (worn)
Jewellery
 t - an amulet of magic regeneration (around neck)
 w - a ring of flight (left hand)
Wands
 r - a wand of teleportation (5/9)
Scrolls
 d - a scroll of enchant weapon {unknown}
 o - a scroll of teleportation
 p - a scroll of recharging
 q - a scroll of identify
 s - a scroll of magic mapping {unknown}
 v - a scroll of blinking
Potions
 e - 3 potions of might {unknown}
 h - a potion of mutation {unknown}
 i - a potion of agility {unknown}
 j - 2 potions of curing
 n - 2 potions of heal wounds {unknown}
Comestibles
 c - 3 bread rations
 f - a beef jerky
 l - a royal jelly
 m - a meat ration
 u - 5 fruits
 x - 4 chunks of flesh


   Skills:
 - Level 3.0 Fighting
 * Level 5.5 Polearms
 - Level 1.7 Armour
 - Level 1.7 Dodging


You had 4 spell levels left.
You didn't know any spells.

Dungeon Overview and Level Annotations

Branches:
Dungeon (4/15)             Temple (0/1) D:4

Altars:
Gozag
Okawaru
Xom
Zin

Annotations:
D:4 Blork the orc; Hybris's ghost, amateur DsBe


Innate Abilities, Weirdness & Mutations

You have large cloven feet.
You are partially covered in thin metallic scales. (AC +2)


Message History

* * * LOW HITPOINT WARNING * * *
You hear some strange, mumbled words.
The orc priest invokes the aid of Beogh against you.
Beogh smites you!
* * * LOW HITPOINT WARNING * * *
The orc hits you but does no damage.
You are too berserk!
You miss Hybris's ghost. Your kick misses Hybris's ghost.
Hybris's ghost is almost destroyed.
Something hits you.
* * * LOW HITPOINT WARNING * * *
Hybris's ghost closely misses you.
You hit Hybris's ghost.
You kick Hybris's ghost, but do no damage.
Hybris's ghost is almost destroyed.
The orc priest moves out of view.
The orc barely misses you.
You barely miss Hybris's ghost. Your kick misses Hybris's ghost.
Hybris's ghost is almost destroyed.
Something hits you!
You die...

##### ######...###
####..........#
#............<#
#.##..........#
#.#########.#.# #.#
#........@# #.#
#........W# #.#
#.......o{#
####.###........o#
..................
####..............
..######........(.
.....###.........%.
........###.##..


You could see an orc priest, Hybris's ghost and an orc.

Vanquished Creatures
  A hound (D:3)
  An iguana (D:3)
  A worker ant (D:4)
  3 adders
  4 worms
  A dart slug (D:2)
  5 leopard geckos
  2 orcs
  A giant cockroach (D:2)
  7 goblins
  6 hobgoblins
  A quokka (D:3)
  2 ball pythons
  A ball python skeleton (D:4)
  5 bats
  7 frilled lizards
  5 kobolds
  7 rats
60 creatures vanquished.

Notes
Turn   | Place    | Note
-------+----------+-------------------------------------------
     0 | D:1      | Hybris the Demonspawn Berserker began the quest for the Orb.
     0 | D:1      | Reached XP level 1. HP: 18/18 MP: 1/1
   196 | D:1      | Reached skill level 3 in Polearms
   355 | D:1      | Gained mutation: You are partially covered in thin metallic scales. (AC +2) [demonic ancestry]
   355 | D:1      | Reached XP level 2. HP: 22/24 MP: 2/2
  1035 | D:2      | Reached XP level 3. HP: 28/29 MP: 3/3
  1127 | D:2      | Reached ** piety under Trog
  1221 | D:2      | Reached skill level 4 in Polearms
  2018 | D:3      | Reached XP level 4. HP: 35/35 MP: 4/4
  2326 | D:3      | Found a shimmering altar of Xom.
  2392 | D:3      | Reached skill level 5 in Polearms
  2840 | D:3      | Found an iron altar of Okawaru.
  2883 | D:3      | Found an opulent altar of Gozag.
  2967 | D:3      | Gained mutation: You have large cloven feet. [demonic ancestry]
  2967 | D:3      | Reached XP level 5. HP: 41/41 MP: 5/5
  3478 | D:4      | Found a glowing silver altar of Zin.
  3736 | D:4      | Found a staircase to the Ecumenical Temple.
  3806 | D:4      | Noticed Hybris's ghost (amateur DsBe)
  3809 | D:4      | Noticed Blork the orc
  3820 | D:4      | HP: 2/61 [something (4)]
  3822 | D:4      | Mangled by Blork the orc

Skill      XL: |  1  2  3  4 |
---------------+-------------+-----
Polearms       | 3 4 5 |  5.5
Fighting       | |  3.0
Armour         | |  1.7
Dodging        | |  1.7

Action                   |  1- 3 |  4- 6 || total
-------------------------+-------+-------++-------
Melee: Spear             |   152 |   141 ||   293
       Kick              |       |    12 ||    12
Invok: Berserk           |     2 |     1 ||     3
       Burn Spellbooks   |     1 |       ||     1
  Use: Scroll            |       |     6 ||     6
 Stab: Sleeping          |     2 |       ||     2
       Distracted        |       |     1 ||     1
  Eat: Chunk             |     5 |     6 ||    11
Armor: Animal skin       |    32 |    22 ||    54
Dodge: Dodged            |    67 |    48 ||   115
